 Dungeon Crawl Stone Soup version 0.19-b1-4-gd8a0a2a (webtiles) character file.

4543 Bytey the Thaumaturge (level 10, 0/65 HPs)
             Began as an Octopode Wizard on Oct 30, 2016.
             Was a Follower of Sif Muna.
             Slain by a blink frog (17 damage)
             ... on level 1 of the Lair of Beasts.
             The game lasted 00:50:03 (11839 turns).

Bytey the Thaumaturge (Octopode Wizard)            Turns: 11839, Time: 00:50:03

Health: 0/65       AC:  1    Str:  8    XL:     10   Next: 40%
Magic:  1/24       EV: 15    Int: 23    God:    Sif Muna [*.....]
Gold:   609        SH:  0    Dex: 10    Spells: 6 memorised, 16 levels left

rFire  . . .     SeeInvis .     t - +1 dagger (venom)
rCold  . . .     Gourm    .     (no shield)
rNeg   . . .     Faith    .     a - +0 hat
rPois  .         Spirit   .     (no amulet)
rElec  .         Reflect  .     (no ring)
rCorr  .         Harm     .     (no ring)
MR     .....                    (no ring)
Stlth  +++.......               (no ring)
                                (no ring)
                                (no ring)
                                (no ring)
                                (no ring)

@: very slightly contaminated, repel missiles, no casting
A: almost no armour, stealthy swim, amphibious, 8 rings, constrict 8, camouflage
1, gelatinous body 1
a: Stop Divine Energy, Renounce Religion


You were on level 1 of the Lair of Beasts.
You worshipped Sif Muna.
Sif Muna was aware of your devotion.
You were very hungry.

You visited 3 branches of the dungeon, and saw 12 of its levels.

You collected 609 gold pieces.

Inventory:

Hand Weapons
 i - a +1 dagger of protection
 t - a +1 dagger of venom (weapon)
 y - a +0 dagger of draining
Armour
 a - a +0 hat (worn)
Wands
 d - a wand of teleportation (0/9)
 z - a wand of digging (0/24)
 G - a wand of random effects (14/48)
 H - a wand of teleportation (3/9)
 I - a wand of disintegration (15/24)
Scrolls
 e - 4 scrolls of remove curse {unknown}
 h - 5 scrolls of recharging {unknown}
 k - 2 scrolls of fog {unknown}
 l - 2 scrolls of amnesia {unknown}
 n - 10 scrolls of identify {unknown}
 o - a scroll of blinking {unknown}
 q - a scroll of random uselessness {unknown}
 v - 2 scrolls of magic mapping {unknown}
 w - 2 scrolls of enchant armour {unknown}
 A - 3 scrolls of immolation {unknown}
 C - a scroll of enchant weapon {unknown}
 E - 3 scrolls of teleportation {unknown}
Potions
 f - 3 potions of resistance {unknown}
 g - 3 potions of brilliance {unknown}
 j - 2 potions of haste {unknown}
 p - a potion of curing
 r - 2 potions of agility {unknown}
 s - a potion of cancellation {unknown}
 u - 2 potions of berserk rage {unknown}
 x - 3 potions of ambrosia {unknown}
 B - 2 potions of lignification {unknown}
 F - a potion of heal wounds {unknown}
Books
 b - a book of Minor Magic

   Spells                             Type                      Level
   a - Magic Dart                     Conjuration                  1
   b - Blink                          Translocation                2
   c - Call Imp                       Summoning                    2
   d - Repel Missiles                 Charms/Air                   2
   e - Slow                           Hexes                        2
   f - Conjure Flame                  Conjuration/Fire             3
   g - Mephitic Cloud                 Conjuration/Poison/Air       3
Comestibles
 c - 8 bread rations
 m - a slice of pizza
 D - 2 fruits


   Skills:
 + Level 4.8 Fighting
 + Level 5.4 Dodging
 - Level 2.6 Stealth
 - Level 10.0 Spellcasting
 - Level 8.0 Conjurations
 - Level 1.0 Summonings
 - Level 1.0 Translocations


You had 16 spell levels left.
You knew the following spells:

 Your Spells              Type           Power        Failure   Level  Hunger
a - Magic Dart            Conj           ####         1%          1    None
b - Blink                 Tloc           N/A          6%          2    None
c - Call Imp              Summ           ###.....     6%          2    None
d - Repel Missiles        Chrm/Air       ##....       10%         2    None
e - Mephitic Cloud        Conj/Pois/Air  ###.....     8%          3    None
f - Conjure Flame         Conj/Fire      ####....     3%          3    None


Dungeon Overview and Level Annotations

Branches:
Dungeon (10/15)            Temple (1/1) D:6            Lair (1/6) D:9
    Orc (0/2) D:9

Altars:
Ashenzari
Cheibriados
Dithmenos
Elyvilon
Fedhas
Gozag
Hepliaklqana
Kikubaaqudgha
Makhleb
Nemelex Xobeh
Okawaru
Qazlal
Ru
Sif Muna
Trog
Uskayaw
Vehumet
Xom
Yredelemnul
Zin
The Shining One

Annotations:
D:4 Grinder


Innate Abilities, Weirdness & Mutations

You cannot wear most types of armour.
You are very stealthy in the water. (Stealth+)
You are amphibious.
You can wear up to eight rings at the same time.
You can use your tentacles to constrict eight enemies at once.
Your skin changes colour to match your surroundings (Stealth+).
Your rubbery body absorbs attacks. (AC +1, EV +1)


Message History

You kill the crocodile!
Sif Muna accepts your kill.
Your crimson imp blinks!
Casting: Magic Dart
Confirm with . or Enter, or press ? or * to list all spells.
Aiming: Magic Dart
Press: ? - help, Shift-Dir - straight line, f - blink frog
Aim: a blink frog (lightly wounded, confused)
The magic dart hits the blink frog.
The blink frog is moderately wounded.
Sif Muna grants you divine energy.
You briefly lose access to your magic!
The blink frog seems less confused.
You are unable to access your magic!
Okay, then.
You are unable to access your magic!
Unknown command.
You barely miss the blink frog. You grab the blink frog.
The blink frog is moderately wounded.
You constrict the blink frog. The blink frog hits you!
You die...

.....#
#......#
....?#
#......#
.....#
#......#
.....#
#......#
.....#
#......#
.†...#
#..†.5.#
.S...##
#......#
......#
#.F....#
.....##
#.@....#
..>..##
#.......#
......#
#......##
.....##
#..§....#
.....#
#.......#
.....#
.......##
.....##
##......P
......#
#[.....##
.....##


You could see a blink frog and a friendly crimson imp.

Vanquished Creatures
  A komodo dragon (D:9)
  A blink frog (Lair:1)
  5 yaks (D:9)
  A hungry ghost (D:9)
  Duvessa (D:7)
  A water moccasin (Lair:1)
  A sky beast (D:6)
  An ice beast (D:5)
  4 ogres
  A centaur (D:9)
  2 crocodiles (Lair:1)
  2 bullfrogs
  Dowan (D:7)
  3 scorpions
  A water moccasin skeleton (D:4)
  6 killer bees (D:9)
  4 wights (D:6)
  A howler monkey (D:7)
  3 bullfrog zombies
  4 crimson imps
  2 centaur zombies
  8 hounds
  A jelly (D:9)
  7 orc priests
  A bullfrog skeleton (D:5)
  9 orc wizards
  A centaur skeleton (D:6)
  2 iguanas
  9 worker ants
  A hound zombie (D:6)
  A hound skeleton (D:6)
  3 gnolls (D:4)
  A howler monkey skeleton (D:8)
  7 adders
  4 shadow imps
  An ooze (D:5)
  A dart slug (D:3)
  2 leopard geckos
  31 orcs
  A ball python (D:2)
  8 giant cockroaches
  11 goblins
  8 hobgoblins
  9 jackals
  5 quokkas
  7 bats
  A frilled lizard (D:2)
  10 kobolds
  5 rats
201 creatures vanquished.

Vanquished Creatures (collateral kills)
  Menkaure (D:5)
  An orc warrior (D:6)
  A wight (D:6)
  2 adders (D:3)
  2 orcs (D:5)
  A bat (D:3)
  A goblin (D:3)
  2 jackals
  A kobold (D:2)
12 creatures vanquished.

Vanquished Creatures (others)
  A plant (D:9)
1 creature vanquished.

Grand Total: 214 creatures vanquished

Notes
Turn   | Place    | Note
-------+----------+-------------------------------------------
     0 | D:1      | Bytey the Octopode Wizard began the quest for the Orb.
     0 | D:1      | Reached XP level 1. HP: 11/11 MP: 4/4
   128 | D:1      | Reached XP level 2. HP: 10/17 MP: 4/6
   501 | D:1      | Learned a level 2 spell: Blink
   504 | D:1      | Learned a level 2 spell: Call Imp
   727 | D:1      | Learned a level 2 spell: Repel Missiles
   875 | D:2      | Reached XP level 3. HP: 18/21 MP: 1/7
  1517 | D:3      | Reached XP level 4. HP: 23/27 MP: 4/8
  1850 | D:3      | Found a faded altar of an unknown god.
  2255 | D:2      | Reached XP level 5. HP: 18/31 MP: 5/9
  2285 | D:2      | Learned a level 3 spell: Mephitic Cloud
  2645 | D:3      | Reached skill level 5 in Conjurations
  2961 | D:3      | Reached XP level 6. HP: 36/36 MP: 4/10
  2977 | D:3      | Noticed a phantom
  3583 | D:4      | Noticed Grinder
  3778 | D:4      | Reached XP level 7. HP: 37/41 MP: 11/11
  4302 | D:5      | Entered Level 5 of the Dungeon
  4807 | D:5      | HP: 2/41 [poisoned by a scorpion]
  5120 | D:5      | Reached skill level 4 in Spellcasting
  5366 | D:5      | Reached XP level 8. HP: 45/46 MP: 8/14
  5396 | D:5      | Learned a level 3 spell: Conjure Flame
  5413 | D:5      | Found a blossoming altar of Fedhas.
  5414 | D:5      | Found a shimmering altar of Xom.
  5483 | D:5      | Noticed Menkaure
  5582 | D:5      | Killed Menkaure
  5582 | D:5      | Reached skill level 5 in Spellcasting
  6144 | D:5      | Found a faded altar of an unknown god.
  6144 | D:5      | Found a faded altar of an unknown god.
  6150 | D:5      | Found a faded altar of an unknown god.
  6152 | D:5      | Found a faded altar of an unknown god.
  6153 | D:5      | Found an ancient bone altar of Kikubaaqudgha.
  6491 | D:6      | Reached skill level 6 in Spellcasting
  6943 | D:6      | Reached skill level 7 in Spellcasting
  7304 | D:6      | Found a staircase to the Ecumenical Temple.
  7352 | Temple   | Entered the Ecumenical Temple
  7463 | Temple   | Became a worshipper of Sif Muna the Loreminder
  7586 | D:6      | Reached XP level 9. HP: 26/51 MP: 9/20
  7783 | D:6      | Reached skill level 8 in Spellcasting
  8104 | D:7      | Noticed Duvessa
  8105 | D:7      | Noticed Dowan
  8131 | D:7      | Killed Dowan
  8136 | D:7      | Killed Duvessa
  8347 | D:7      | Found a burning altar of Makhleb.
  8754 | D:8      | Reached skill level 9 in Spellcasting
  9321 | D:8      | Reached * piety under Sif Muna
  9644 | D:9      | Found a staircase to the Orcish Mines.
 10030 | D:9      | HP: 2/51 [something (6)]
 10473 | D:9      | Reached skill level 10 in Spellcasting
 10639 | D:9      | Reached skill level 1 in Fighting
 10996 | D:9      | Found a staircase to the Lair.
 10997 | D:9      | Noticed a komodo dragon
 11024 | D:9      | Killed a komodo dragon
 11024 | D:9      | Reached XP level 10. HP: 49/63 MP: 14/24
 11030 | Lair:1   | Entered Level 1 of the Lair of Beasts
 11039 | Lair:1   | Noticed a black mamba
 11379 | D:10     | Entered Level 10 of the Dungeon
 11643 | D:10     | Reached skill level 5 in Dodging
 11839 | Lair:1   | Slain by a blink frog

Skill      XL: |  1  2  3  4  5  6  7  8  9 10 |
---------------+-------------------------------+-----
Conjurations   | 2 3 4 5 7 8 |  8.0
Spellcasting   | 4 7 10 | 10.0
Fighting       | 3 4 |  4.8
Dodging        | 3 5 |  5.4
Stealth        | |  2.6
Summonings     | |  1.0
Translocations | |  1.0

Action                   |  1- 3 |  4- 6 |  7- 9 | 10-12 || total
-------------------------+-------+-------+-------+-------++-------
Melee: Whip              |    22 |       |       |       ||    22
       Constrict         |    20 |    21 |    45 |     4 ||    90
       Unarmed           |     4 |       |       |       ||     4
       Tentacles         |     7 |    13 |    29 |     8 ||    57
       Dagger            |    40 |   100 |   226 |    40 ||   406
 Cast: Magic Dart        |    38 |    60 |   280 |    28 ||   406
       Repel Missiles    |     1 |     1 |       |       ||     2
       Call Imp          |     3 |     1 |    36 |     4 ||    44
       Mephitic Cloud    |       |     4 |    16 |    11 ||    31
       Conjure Flame     |       |       |     2 |     4 ||     6
       Blink             |       |       |     2 |       ||     2
Invok: Divine Energy     |       |       |     1 |       ||     1
Evoke: Wand              |       |       |       |     2 ||     2
  Use: Potion            |       |       |     3 |       ||     3
 Stab: Sleeping          |       |     5 |     2 |     1 ||     8
       Confused          |       |     1 |     3 |     3 ||     7
       Distracted        |       |       |     1 |       ||     1
  Eat: Chunk             |     2 |     7 |    18 |     2 ||    29
       Meat ration       |       |       |     1 |       ||     1
Armor: Skin              |     8 |     6 |     4 |       ||    18
Dodge: Dodged            |    54 |    50 |   154 |    19 ||   277
       Deflected         |     1 |       |       |       ||     1
